 Dungeon Crawl Stone Soup version 0.29.0-10-g45618ea6d2 (webtiles) character file.

Game seed: 8134718324460915598

609 raistware the Conjurer (level 7, -4/44 HPs)
             Began as an Octopode Conjurer on Sept 1, 2022.
             Slain by Pikel
             ... wielding a +1 whip of freezing
              (6 damage)
             ... on level 5 of the Dungeon.
             The game lasted 00:07:03 (4851 turns).

raistware the Conjurer (Octopode Conjurer)          Turns: 4851, Time: 00:07:04

Health: -4/44      AC:  1    Str:  6    XL:     7   Next: 43%
Magic:  14/14      EV: 13    Int: 29    God:
Gold:   219        SH:  0    Dex: 10    Spells: 11/16 levels left

rFire   . . .      SeeInvis .   p - +0 whip (venom)
rCold   . . .      Faith    .   (no shield)
rNeg    . . .      Spirit   .   (helmet restricted)
rPois   .          Reflect  .   q - amulet of the acrobat
rElec   .          Harm     .   h - +6 ring of intelligence
rCorr   .          Rampage  .   (no ring)
Will    .....                   (no ring)
Stlth   +++.......              (no ring)
HPRegen 0.14/turn               (no ring)
MPRegen 0.14/turn               (no ring)
                                (no ring)
                                (no ring)

@: very slightly contaminated
A: almost no armour, amphibious, 8 rings, camouflage 1, gelatinous body 1,
(nimble swimmer 1), tentacles
a: no special abilities


You were on level 5 of the Dungeon.
You visited 1 branch of the dungeon, and saw 5 of its levels.

You collected 219 gold pieces.

Inventory:

Hand Weapons
 p - a +0 whip of venom (weapon)
Jewellery
 h - a +6 ring of intelligence (left tentacle)
 q - an amulet of the acrobat (around mantle)
Scrolls
 a - 2 scrolls of noise {unknown}
 c - a scroll of brand weapon {unknown}
 d - a scroll of enchant armour {unknown}
 e - 5 scrolls of identify {unknown}
 i - a scroll of butterflies {unknown}
 j - a scroll of poison {unknown}
 k - 2 scrolls of blinking {unknown}
 o - 2 scrolls of teleportation {unknown}
Potions
 b - a potion of attraction {unknown}
 f - a potion of curing
 g - a potion of cancellation {unknown}
 l - 2 potions of resistance {unknown}
 m - a potion of degeneration {unknown}
 n - a potion of lignification
 r - a potion of ambrosia {unknown}


   Skills:
 + Level 1.9 Fighting
 - Level 3.0 Dodging
 - Level 2.6 Stealth
 + Level 5.2 Spellcasting
 + Level 5.3 Conjurations
 + Level 2.6 Translocations


You had 11 spell levels left.
You knew the following spells:

 Your Spells              Type           Power      Damage    Failure   Level
a - Magic Dart            Conj           100%       1d8       1%          1
b - Iskenderun's Mystic   Conj/Tloc      30%        2d8       12%         4

Your spell library contained the following spells:

 Spells                   Type           Power      Damage    Failure   Level
 Searing Ray              Conj           76%        2d7       1%          2
 Dazzling Flash           Conj/Hex       46%        N/A       6%          3
 Poisonous Vapours        Pois/Air       14%        N/A       10%         2
 Fulminant Prism          Conj/Hex       11%        3d9       21%         4
 Corpse Rot               Necr/Pois/Air  7%         N/A       52%         4


Dungeon Overview and Level Annotations

Branches:
Dungeon (5/15)
 Temple: D:4-7

Altars:
Dithmenos
Trog

Shops:
D:2 [

Annotations:
D:5 Pikel


Innate Abilities, Weirdness & Mutations

You cannot wear most types of armour.
You are amphibious.
You can wear up to eight rings at the same time.
Your skin changes colour to match your surroundings (Stealth+).
Your rubbery body absorbs attacks. (AC +1, EV +1)
((You are camouflaged when in or above water. (Stealth+)))
You have tentacles for arms and can constrict up to eight enemies at once.


Message History

The lemure is moderately wounded.
The lemure is knocked back by the mystic blast.
The lemure collides with Pikel!
Pikel is moderately wounded.
The lemure is heavily wounded.
You constrict the lemure. The lemure hits you.
Unknown command.
You hit the lemure.
The lemure looks even sicker.
You squeeze the lemure, but do no damage.
The lemure is heavily wounded.
You constrict the lemure. The lemure misses you.
You hit the lemure but do no damage.
The lemure looks as sick as possible!
You squeeze the lemure, but do no damage.
The lemure is severely wounded.
You constrict the lemure.
A lemure comes into view.
The lemure closely misses you.
You hit the lemure.
The lemure looks as sick as possible!
The lemure is almost dead.
You constrict the lemure.
You kill the lemure!
That felt strangely unrewarding.
You closely miss Pikel. Your grab misses Pikel.
Pikel is moderately wounded.
Pikel closely misses you.
You barely miss Pikel. Your grab misses Pikel. Your squeeze misses Pikel.
Pikel is moderately wounded.
Pikel hits you with a +1 whip of freezing!
Pikel freezes you.
* * * LOW HITPOINT WARNING * * *
You are too injured to fight recklessly!
Unknown command.
You aren't carrying any items that you can evoke.
You aren't carrying any items that you can evoke.
Unknown command.
Magic courses through your body.
Pikel hits you with a +1 whip of freezing!
* * * LOW HITPOINT WARNING * * *
Pikel freezes you.
You die...

#.............#......S.#.#
#.............#.###.##.#.#
#.............# #.# #.#
#............. #.# #.#
#............. ..#
####.#.#####..# ###
#.#.........
#.##########.##
#......@K55..$.
############.#.


You could see Pikel and 2 lemures.

Vanquished Creatures
  2 lemures (D:5)
  2 phantoms (D:4)
  2 scorpions (D:4)
  A necrophage (D:5)
  A howler monkey (D:4)
  3 hounds (D:4)
  8 adders
  An ufetubus (D:4)
  4 worms
  7 dart slugs
  7 orcs (D:3)
  3 ball pythons
  4 bats
  3 endoplasms
  2 giant cockroaches
  4 goblins
  2 hobgoblins
  5 jackals (D:4)
  5 kobolds
  A quokka (D:3)
  5 frilled lizards
  A rat (D:3)
73 creatures vanquished.

Vanquished Creatures (others)
  2 fungi (D:1)
  A plant (D:1)
3 creatures vanquished.

Grand Total: 76 creatures vanquished

Notes
Turn   | Place    | Note
-------+----------+-------------------------------------------
     0 | D:1      | raistware the Octopode Conjurer began the quest for the
                  | Orb.
     0 | D:1      | Reached XP level 1. HP: 11/11 MP: 3/3
   316 | D:1      | Reached XP level 2. HP: 17/17 MP: 0/5
   776 | D:1      | Found a faded altar of an unknown god.
  1170 | D:2      | Reached XP level 3. HP: 21/21 MP: 4/7
  1416 | D:2      | Found Masooj's Armour Shop.
  2180 | D:3      | Reached XP level 4. HP: 7/27 MP: 7/9
  2184 | D:3      | HP: 1/27 [orc/+0 dagger (2)]
  2239 | D:3      | Learned a level 4 spell: Iskenderun's Mystic Blast
  3004 | D:3      | Found a shadowy altar of Dithmenos.
  3050 | D:3      | Reached skill level 1 in Fighting
  3206 | D:4      | Reached XP level 5. HP: 29/33 MP: 6/11
  3233 | D:4      | Reached skill level 1 in Translocations
  3366 | D:4      | Reached XP level 6. HP: 38/38 MP: 2/12
  3598 | D:4      | Found a bloodstained altar of Trog.
  4272 | D:4      | Reached skill level 5 in Spellcasting
  4272 | D:4      | Reached skill level 5 in Conjurations
  4272 | D:4      | Reached XP level 7. HP: 38/43 MP: 6/14
  4627 | D:5      | Entered Level 5 of the Dungeon
  4836 | D:5      | Noticed Pikel
  4851 | D:5      | HP: 2/44 [Pikel/+1 whip of freezing (11)]
  4851 | D:5      | Slain by Pikel

Illustrated notes

Levels and vault maps discovered:
D:1:      tarquinn_simple_flora_water_e, layout_loops_ring,
          dreamdust_ecumenical_altar_grove
D:2:      layout_loops_ring, serial_shops, shop, grunt_decor_mini_mirrors
D:3:      layout_basic, mainiacjoe_overflow_alcove_4
D:4:      layout_basic, mainiacjoe_overflow_small_starburst
D:5:      layout_basic, uniq_pikel, uniq_crazy_yiuf_cottage

Skill      XL: |  1  2  3  4  5  6 |
---------------+-------------------+-----
Spellcasting   | 3 4 5 |  5.2
Fighting       | 1 |  1.9
Translocations | 1 2 |  2.6
Dodging        | 3 |  3.0
Conjurations   | 5 |  5.3
Stealth        | |  2.6

Action                   |  1- 3 |  4- 6 |  7- 9 || total
-------------------------+-------+-------+-------++-------
Melee: Unarmed           |    11 |       |       ||    11
       Constrict         |     3 |     4 |     4 ||    11
       Tentacles         |     2 |     2 |     7 ||    11
       Whip              |     3 |    16 |    23 ||    42
       Punch             |       |       |     1 ||     1
 Cast: Magic Dart        |    63 |    92 |    14 ||   169
       Iskenderun's Myst |       |     2 |     3 ||     5
  Use: Potion            |       |     3 |     1 ||     4
 Stab: Sleeping          |     2 |       |       ||     2
Armor: Skin              |       |    10 |     1 ||    11
Dodge: Dodged            |    12 |    20 |    14 ||    46
